 Dungeon Crawl Stone Soup version 0.27.1-35-g4d5d836560 (webtiles) character file.

Game seed: 1771654619047816996

408 Delamore the Sneak (level 6, -2/45 HPs)
             Began as an Octopode Brigand on June 25, 2022.
             Slain by a killer bee (7 damage)
             ... on level 3 of the Dungeon.
             The game lasted 00:03:12 (2364 turns).

Delamore the Sneak (Octopode Brigand)               Turns: 2364, Time: 00:03:12

Health: -2/45      AC:  1    Str:  9 (11) XL:     6   Next: 88%
Magic:  3/6        EV: 14    Int: 12 (14) God:
Gold:   57         SH:  0    Dex: 13 (14) Spells: 2/5 levels left

rFire    . . .     SeeInvis .   k - +2 spear (freeze)
rCold    . . .     Faith    .   (no shield)
rNeg     . . .     Spirit   .   (helmet restricted)
rPois    .         Reflect  .   e - amulet of regeneration
rElec    .         Harm     .   (no ring)
rCorr    .         Rampage  .   (no ring)
Will     .....                  (no ring)
Stlth    ++++......             (no ring)
HPRegen  1.15/turn              (no ring)
MPRegen  0.10/turn              (no ring)
                                (no ring)
                                (no ring)

@: very slightly contaminated
A: almost no armour, amphibious, 8 rings, camouflage 1, gelatinous body 1,
(nimble swimmer 1), tentacles
a: no special abilities


You were on level 3 of the Dungeon.
You visited 1 branch of the dungeon, and saw 4 of its levels.

You collected 122 gold pieces.
You spent 65 gold pieces at shops.

Inventory:

Hand Weapons
 a - a +2 dagger
 k - a +2 spear of freezing (weapon)
Missiles
 b - 17 poisoned darts (quivered)
 c - 2 curare-tipped darts
Armour
 o - a +0 tower shield
Jewellery
 e - an amulet of regeneration (around mantle)
Scrolls
 d - a scroll of noise
 j - 2 scrolls of enchant armour
 l - 2 scrolls of teleportation
 m - a scroll of fear {unknown}
Potions
 f - a potion of haste {unknown}
 g - a potion of degeneration
 i - 2 potions of curing
 n - a potion of mutation {unknown}


   Skills:
 - Level 5.0 Fighting
 - Level 2.0 Short Blades
 - Level 2.0 Throwing
 - Level 5.0 Dodging
 - Level 5.3 Stealth
 + Level 0.1 Spellcasting
 + Level 0.2 Hexes


You had 2 spell levels left.
You knew the following spells:

 Your Spells              Type           Power      Damage    Failure   Level
a - Dazzling Flash        Conj/Hex       0%         N/A       67%         3

Your spell library contained the following spells:

 Spells                   Type           Power      Damage    Failure   Level
 Agony                    Necr           0%         N/A       100%        5
 Silence                  Hex/Air        0%         N/A       100%        5


Dungeon Overview and Level Annotations

Branches:
Dungeon (4/15)
 Temple: D:4-7

Altars:
Ashenzari

Shops:
D:3 !

Annotations:
D:4 Edmund


Innate Abilities, Weirdness & Mutations

You cannot wear most types of armour.
You are amphibious.
You can wear up to eight rings at the same time.
Your skin changes colour to match your surroundings (Stealth+).
Your rubbery body absorbs attacks. (AC +1, EV +1)
((You are camouflaged near water. (Stealth+)))
You have tentacles for arms and can constrict up to eight enemies at once.


Message History

There is a stone staircase leading down here.
You feel much better.
You feel sick. The killer bee stings you!
* * * LOW HITPOINT WARNING * * *
The killer bee misses you. The killer bee barely misses you.
The killer bee misses you. The killer bee stings you.
* * * LOW HITPOINT WARNING * * *
The killer bee stings you.
* * * LOW HITPOINT WARNING * * *
You are lethally poisoned!
The killer bee poisons you!
Okay, then.
Okay, then.
Okay, then.
Casting: Dazzling Flash (quite dangerous; 63% risk of failure)
Confirm with . or Enter, or press ? or * to list all spells.
Okay, then.
You feel much better.
You feel very sick.
The killer bee stings you. x2; The killer bee completely misses you. x2
The killer bee misses you. x2
It was a potion of degeneration.
There was something very wrong with that liquid.
You feel weakened.
You feel dopey.
You feel clumsy.
You feel very sick. The killer bee closely misses you.
The killer bee completely misses you. The killer bee stings you.
* * * LOW HITPOINT WARNING * * *
The killer bee stings you.
* * * LOW HITPOINT WARNING * * *
The killer bee misses you. x2
It was a potion of curing.
You feel better. The killer bee barely misses you.
The killer bee closely misses you. The killer bee misses you.
The killer bee completely misses you. x2; The killer bee stings you.
* * * LOW HITPOINT WARNING * * *
Casting: Dazzling Flash (quite dangerous; 67% risk of failure)
Confirm with . or Enter, or press ? or * to list all spells.
The spell is quite dangerous to cast (67% risk of failure)!
Continue anyway?
You miscast Dazzling Flash.
You are very lightly contaminated with residual magic.
Nothing appears to happen.
The killer bee stings you!
You die...

#.# #.# ##...#..##.#. #.#
##'## #####..##.#. #.# ##...##
#....... #.#### ##.....##
#....... #.##.## ##.......##
##.##.##
#.#...####.........####......#
#........+.........'.....>.#..
#.#...####..yy.....####....#..
#.##.## ##..@....## ##.#####
#.#### ##.y...## #...#.. #..#
##...## ###.#.# ##.# ####'####
#...# #.# #.......# ##.## #.#
#.##.##.## #.# #†#
#........########.# #.#
#.................# #.#
#........#..#######


You could see 3 killer bees.

Vanquished Creatures
  Sigmund (D:3)
  A necrophage (D:3)
  An orc wizard (D:3)
  3 gnolls
  3 adders
  5 worms
  2 dart slugs
  3 orcs (D:3)
  7 ball pythons
  4 endoplasms
  2 giant cockroaches
  2 goblins (D:2)
  7 hobgoblins
  4 jackals
  A quokka (D:2)
  3 bats
  3 kobolds
52 creatures vanquished.

Notes
Turn   | Place    | Note
-------+----------+-------------------------------------------
     0 | D:1      | Delamore the Octopode Brigand began the quest for the Orb.
     0 | D:1      | Reached XP level 1. HP: 14/14 MP: 1/1
   396 | D:1      | Reached XP level 2. HP: 20/20 MP: 2/2
   822 | D:2      | Reached XP level 3. HP: 23/25 MP: 3/3
  1087 | D:2      | Reached XP level 4. HP: 21/31 MP: 4/4
  1449 | D:3      | Learned a level 3 spell: Dazzling Flash
  1463 | D:3      | Found a broken altar of Ashenzari.
  1499 | D:3      | Noticed a necrophage
  1508 | D:3      | Killed a necrophage
  1509 | D:3      | Reached XP level 5. HP: 30/37 MP: 5/5
  1515 | D:3      | Found Caaweff's Distillery.
  1523 | D:3      | Bought a potion of heal wounds for 65 gold pieces
  1536 | D:3      | Noticed Sigmund
  1553 | D:3      | Killed Sigmund
  1554 | D:3      | Reached skill level 5 in Fighting
  1554 | D:3      | Reached XP level 6. HP: 35/45 MP: 6/6
  1902 | D:3      | Reached skill level 5 in Dodging
  2355 | D:4      | Noticed Edmund
  2364 | D:3      | Slain by a killer bee

Illustrated notes

Levels and vault maps discovered:
D:1:      dpeg_arrival_snail, layout_loops_ring
D:2:      layout_loops_ring
D:3:      layout_loops_corners, nicolae_overflow_crystal_walls, serial_shops,
          shop, st_stairs_11, kennysheep_generic_room_4, uniq_sigmund
D:4:      layout_basic, nicolae_ru_path_of_blood,
          nicolae_dithmenos_through_a_glass_darkly, serial_shops,
          shop_fountains, uniq_edmund, uniq_pikel

Skill      XL: |  1  2  3  4  5  6 |
---------------+-------------------+-----
Dodging        | 2 3 4 5 |  5.0
Fighting       | 3 4 5 |  5.0
Short Blades   | |  2.0
Throwing       | |  2.0
Stealth        | |  5.3
Spellcasting   | |  0.1
Hexes          | |  0.2

Action                   |  1- 3 |  4- 6 || total
-------------------------+-------+-------++-------
Melee: Dagger            |    47 |     4 ||    51
       Constrict         |    12 |    15 ||    27
       Tentacles         |     9 |     9 ||    18
       Spear             |       |    81 ||    81
Throw: Dart              |     2 |     1 ||     3
  Use: Scroll            |     2 |     1 ||     3
       Potion            |       |     4 ||     4
 Stab: Sleeping          |     8 |     9 ||    17
       Distracted        |       |     1 ||     1
Armor: Skin              |     2 |     2 ||     4
Dodge: Dodged            |    19 |    53 ||    72
